[Event "45th Guernsey Open 2019"]
[Site "Vale"]
[Date "2019.10.24"]
[Round "5.6"]
[White "Purdon, Colin"]
[Black "Thurlow, Kevin J"]
[Result "1/2-1/2"]
[ECO "A57"]
[WhiteElo "1993"]
[BlackElo "2021"]
[Annotator "NA RC"]
[PlyCount "87"]
[EventDate "2019.10.20"]
[EventType "swiss"]
[EventCountry "GCI"]
[SourceTitle "playchess.com"]
[Source "ChessBase"]
[SourceQuality "1"]
[TimeControl "40/6000+30:2400+30"]

1. d4 Nf6 2. c4 c5 3. d5 b5 4. Nf3 bxc4 5. Nc3 g6 6. e4 d6 7. Bxc4 Bg7 8. O-O Nbd7 9. Re1 {[%emt 0:07:16] A57: Benko/Volga Gambit} (9. Bg5 O-O 10. Qd2 Nb6 11. Bd3 a5 12. Rfe1 Bg4 13. Nh4 a4 14. Bh6 e5 15. dxe6 Bxe6 16. Bxg7 Kxg7 17. Rad1 Ng4 {½-½ (41) Bigaliev,R (2427)-Pridorozhni,A (2588) Yaroslavl 2019}) 9... Ng4 10. h3 Nge5 11. Nxe5 Nxe5 12. Bf1 $146 ({Predecessor:} 12. Bb5+ Bd7 13. Be2 Bc8 14. f4 Nd7 15. Be3 O-O 16. Qd2 Rb8 17. Rec1 a6 18. b3 Rb4 19. Bd3 Bd4 20. Bxd4 Rxd4 21. Qc2 Qb6 22. a3 Rxd3 23. Qxd3 c4+ {0-1 (23) Svec,L (1673)-Reimer,K (1528) Liberec 2018}) 12... O-O 13. Be3 Qa5 14. f4 Nd7 15. Qd2 Rb8 16. Rac1 Ba6 17. Bxa6 Qxa6 18. Rc2 Rb4 19. e5 dxe5 20. fxe5 Bxe5 21. Bxc5 Nxc5 22. Rxe5 Nd3 23. Rxe7 Nxb2 24. Qf2 Nd3 25. Qe3 Rb6 26. Rd2 Nb2 27. Qd4 Nc4 28. Rde2 Nd6 29. R7e5 Qa3 30. Kh2 Nf5 31. Qd2 Nd6 32. Qd4 Nf5 33. Qd2 Qd6 34. Qf4 f6 35. R5e4 Rc8 36. Re8+ Rxe8 37. Rxe8+ Kf7 38. Qxd6 Nxd6 39. Rd8 Ra6 40. a4 Ke7 41. Rh8 h5 42. Rb8 f5 43. Rb2 Ne4 $11 44. Re2 1/2-1/2

[Event "45th Guernsey Open 2019"]
[Site "Vale"]
[Date "2019.10.24"]
[Round "5.7"]
[White "Pleasants, Allan J"]
[Black "Van Dijk, Bram"]
[Result "1/2-1/2"]
[ECO "B12"]
[WhiteElo "2019"]
[BlackElo "1982"]
[Annotator "NA RC"]
[PlyCount "82"]
[EventDate "2019.10.20"]
[EventType "swiss"]
[EventCountry "GCI"]
[SourceTitle "playchess.com"]
[Source "ChessBase"]
[SourceQuality "1"]
[TimeControl "40/6000+30:2400+30"]

1. e4 c6 2. d4 g6 3. h3 d5 4. Nc3 dxe4 5. Nxe4 Nd7 6. Nf3 Bg7 7. Bd3 Qc7 8. O-O Ngf6 9. Nxf6+ Nxf6 10. Re1 O-O 11. c3 h6 {[%emt 0:06:09] B15: Caro-Kann: 3 Nc3: 3...g6 and 3...dxe4 4 Nxe4 Nf6 5 Nxf6+ exf6} (11... c5 12. Qe2 cxd4 13. Nxd4 Rd8 14. Nb5 Qc6 15. Nd4 Qc7 16. Nb5 Qc6 17. Nd4 Qc7 18. Nb5 Qc6 {½-½ (18) Radulski,J (2578)-Chatalbashev,B (2579) Borovetz 2008}) 12. Qe2 $146 ({Predecessor:} 12. Ne5 Nd7 13. Ng4 Nf6 14. Nxh6+ Kh7 15. Ng4 Bxg4 16. hxg4 Rfe8 17. Qf3 Kg8 18. Bf4 {1-0 (28) Melia,S (2475)-Soydan,B (1762) Kocaeli 2014}) 12... e6 13. Ne5 Nd5 14. c4 Ne7 15. Bf4 Qb6 16. Be3 Qc7 17. Qd2 Kh7 18. Bf4 Qd8 19. Rad1 Nf5 20. Bc2 Qf6 21. Nf3 Nh4 22. Nxh4 Qxh4 23. Be5 Rd8 24. Re4 Qh5 25. Qf4 Qf5 26. Qc1 Qg5 27. Bf4 Qh5 28. Bg3 Kg8 29. Bc7 Rd7 30. Be5 b6 31. Ba4 Bb7 32. Bxg7 Kxg7 33. Qc3 Kg8 34. Rde1 Rdd8 35. Qe3 Qg5 36. f4 Qf6 37. Re5 c5 38. dxc5 bxc5 39. Rxc5 Qxb2 40. Re2 Qa1+ 41. Kh2 $11 Qd4 1/2-1/2

[Event "45th Guernsey Open 2019"]
[Site "Vale"]
[Date "2019.10.24"]
[Round "5.8"]
[White "Wager, John D"]
[Black "Morcom, Huw"]
[Result "1-0"]
[ECO "A56"]
[WhiteElo "2013"]
[BlackElo "1906"]
[Annotator "NA"]
[PlyCount "71"]
[EventDate "2019.10.20"]
[EventType "swiss"]
[EventCountry "GCI"]
[SourceTitle "playchess.com"]
[Source "ChessBase"]
[SourceQuality "1"]
[TimeControl "40/6000+30:2400+30"]

1. d4 Nf6 2. c4 c5 3. Nf3 cxd4 4. Nxd4 g6 5. Nc3 Bg7 6. e4 d6 7. Be2 a6 8. O-O O-O 9. Be3 Bd7 10. Rc1 Nc6 11. a4 Rc8 12. b3 Re8 13. h3 Qa5 14. f3 Nh5 15. Nd5 Nxd4 16. Bxd4 Bxd4+ 17. Qxd4 Ng3 18. Rfe1 Nxe2+ 19. Rxe2 Qc5 20. Qxc5 Rxc5 21. e5 Be6 22. Nf4 Rxe5 23. Rxe5 dxe5 24. Nxe6 fxe6 25. Rd1 Kf7 26. Kf2 Rc8 27. Ke3 b5 28. cxb5 axb5 29. a5 Rc3+ 30. Rd3 Rc6 31. b4 Rc4 32. a6 Rc7 33. h4 Ra7 34. Ra3 h6 35. Ke4 Kf6 36. g4 1-0

[Event "45th Guernsey Open 2019"]
[Site "Vale"]
[Date "2019.10.24"]
[Round "5.9"]
[White "Reijneveld, Ad"]
[Black "Prins, Jan"]
[Result "1/2-1/2"]
[ECO "B10"]
[WhiteElo "2056"]
[BlackElo "1987"]
[Annotator "NA RC"]
[PlyCount "108"]
[EventDate "2019.10.20"]
[EventType "swiss"]
[EventCountry "GCI"]
[SourceTitle "playchess.com"]
[Source "ChessBase"]
[SourceQuality "1"]
[TimeControl "40/6000+30:2400+30"]

1. e4 c6 2. Nc3 d5 3. Nf3 d4 4. Nb1 Bg4 5. Bc4 e6 6. h3 Bh5 7. d3 Bg6 8. c3 dxc3 9. bxc3 Nd7 10. O-O Be7 11. Bb3 Nc5 12. Bc2 Qc7 13. Qe2 b5 14. d4 Nd7 15. a4 Rb8 16. g3 Rb7 17. Kg2 b4 18. cxb4 Bxb4 19. Na3 Ngf6 20. Nc4 O-O 21. Bf4 Qd8 22. Rab1 a5 23. Rfd1 Qa8 24. Nfe5 Nxe5 25. dxe5 Ne8 26. Be3 c5 27. f4 Rc7 28. Qf3 f5 29. exf5 Qxf3+ 30. Kxf3 Bxf5 31. Bxf5 Rxf5 32. Rd8 Rf8 33. Rbd1 g6 34. Ra8 Rcf7 35. Rdd8 Ng7 36. Ke4 Rxd8 37. Rxd8+ Rf8 38. Rxf8+ Kxf8 39. g4 Ke7 40. Kd3 Kd7 41. Nd6 Kc6 42. Kc4 h5 43. Ne4 hxg4 44. hxg4 Ba3 45. Nxc5 Bxc5 46. Bxc5 Ne8 47. Be3 Nc7 48. Bd2 Kb6 $2 (48... Nd5 $16 {was necessary.} 49. Bxa5 Ne3+ 50. Kd3 Nxg4) 49. Kd4 Na6 50. Be3 Kc6 51. Kc4 $2 ({White should try} 51. Ke4 $18) 51... Nc7 52. Bd2 Kb6 53. Bc3 $2 (53. g5 $18) 53... Nd5 {[%emt 0:03:57] [#]} 54. Bd4+ $11 (54. Bd2 $2 ) (54. Kd4 $1 $18 Nxf4 55. Ke4) 54... Kc6 1/2-1/2

[Event "45th Guernsey Open 2019"]
[Site "Vale"]
[Date "2019.10.24"]
[Round "5.10"]
[White "Hoogakker, Peter"]
[Black "Dennis, Nigel W"]
[Result "1/2-1/2"]
[ECO "B40"]
[WhiteElo "1749"]
[BlackElo "1768"]
[Annotator "NA"]
[PlyCount "31"]
[EventDate "2019.10.20"]
[EventType "swiss"]
[EventCountry "GCI"]
[SourceTitle "playchess.com"]
[Source "ChessBase"]
[SourceQuality "1"]
[TimeControl "40/6000+30:2400+30"]

1. e4 c5 2. Nf3 e6 3. c3 d5 4. exd5 Qxd5 5. d4 Nf6 6. Be2 Nc6 7. O-O Be7 8. Na3 cxd4 9. Nb5 Qd8 10. Nbxd4 Nxd4 11. Nxd4 O-O 12. Bf4 a6 13. Qb3 Qa5 14. Nf3 Nd5 15. Bg3 Qb6 16. Qxb6 1/2-1/2

[Event "45th Guernsey Open 2019"]
[Site "Vale"]
[Date "2019.10.24"]
[Round "5.11"]
[White "Remie, Peter"]
[Black "Strade, Arita"]
[Result "0-1"]
[ECO "E12"]
[WhiteElo "1688"]
[BlackElo "1882"]
[Annotator "NA RC"]
[PlyCount "64"]
[EventDate "2019.10.20"]
[EventType "swiss"]
[EventCountry "GCI"]
[SourceTitle "playchess.com"]
[Source "ChessBase"]
[SourceQuality "1"]
[TimeControl "40/6000+30:2400+30"]

1. d4 Nf6 2. c4 e6 3. Nf3 b6 4. Bg5 Be7 5. e3 Ne4 6. Bxe7 Qxe7 7. a3 O-O 8. Be2 f5 9. Nc3 d6 10. Qc2 Bb7 11. h4 Nd7 12. Nxe4 fxe4 13. Ng5 Nf6 14. f3 d5 15. fxe4 dxe4 16. O-O-O h6 17. Nh3 c5 18. Nf4 cxd4 19. Rxd4 e5 20. Ng6 Qe8 21. Nxf8 exd4 22. exd4 Qxf8 23. Rf1 Qd6 24. Qc3 Rd8 25. g4 Qh2 26. Qe3 Qxh4 27. d5 Qh2 28. Rf2 Qc7 29. g5 hxg5 30. Qxg5 Rxd5 31. Qg6 Rd6 32. Kb1 e3 0-1

[Event "45th Guernsey Open 2019"]
[Site "Vale"]
[Date "2019.10.25"]
[Round "6.4"]
[White "Purdon, Colin"]
[Black "Havenaar, Jan"]
[Result "1/2-1/2"]
[ECO "A40"]
[WhiteElo "1993"]
[BlackElo "2091"]
[Annotator "NA"]
[PlyCount "48"]
[EventDate "2019.10.20"]
[EventType "swiss"]
[EventCountry "GCI"]
[SourceTitle "playchess.com"]
[Source "ChessBase"]
[SourceQuality "1"]
[TimeControl "40/6000+30:2400+30"]

1. d4 g6 2. c4 Bg7 3. Nc3 c5 4. d5 d6 5. e4 Nf6 6. Bd3 O-O 7. h3 e6 8. Nf3 exd5 9. exd5 Re8+ 10. Be3 Nbd7 11. O-O Ne5 12. Nxe5 Rxe5 13. Bf4 Re8 14. Qd2 Nh5 15. Bh2 Be5 16. Bxe5 dxe5 17. Qh6 f5 18. Rfe1 a6 19. Rad1 Qd6 20. Bxf5 Bxf5 21. g4 Ng7 22. gxf5 Nxf5 23. Ne4 Qd8 24. Qg5 Qxg5+ 1/2-1/2

[Event "45th Guernsey Open 2019"]
[Site "Vale"]
[Date "2019.10.25"]
[Round "6.6"]
[White "Van den Boogaart, Jan Maarten"]
[Black "Kwossek, Georg"]
[Result "0-1"]
[ECO "C41"]
[WhiteElo "2039"]
[BlackElo "1984"]
[Annotator "NA RC"]
[PlyCount "70"]
[EventDate "2019.10.20"]
[EventType "swiss"]
[EventCountry "GCI"]
[SourceTitle "playchess.com"]
[Source "ChessBase"]
[SourceQuality "1"]
[TimeControl "40/6000+30:2400+30"]

1. e4 d6 2. d4 Nf6 3. Nc3 e5 4. Nf3 Nbd7 5. Bc4 Be7 6. O-O O-O 7. Re1 c6 8. a4 a5 9. Ba2 exd4 10. Nxd4 Nc5 11. h3 Qb6 12. Qf3 Qb4 13. Nf5 Bxf5 14. Qxf5 g6 15. Qf3 Ne6 16. Bh6 Nd4 17. Qd3 Rfe8 18. Bd2 c5 19. Nd5 Qxb2 20. c3 Qc2 21. Nxf6+ Bxf6 22. Qc4 Re7 23. Bf4 d5 24. exd5 Ne2+ 25. Kf1 Qxc3 26. d6 Re6 27. Qxc3 Bxc3 28. Bxe6 Nxf4 29. Bc8 Bxa1 30. d7 Bf6 31. Re8+ Kg7 32. Bxb7 Rd8 33. Bc8 Ne6 34. f4 Nxf4 35. Re4 Ne6 0-1

[Event "45th Guernsey Open 2019"]
[Site "Vale"]
[Date "2019.10.25"]
[Round "6.7"]
[White "Van Dijk, Bram"]
[Black "Dilleigh, Stephen P"]
[Result "0-1"]
[ECO "C02"]
[WhiteElo "1982"]
[BlackElo "2037"]
[Annotator "NA RC"]
[PlyCount "94"]
[EventDate "2019.10.20"]
[EventType "swiss"]
[EventCountry "GCI"]
[SourceTitle "playchess.com"]
[Source "ChessBase"]
[SourceQuality "1"]
[TimeControl "40/6000+30:2400+30"]

1. e4 e6 2. d4 d5 3. e5 c5 4. Nf3 Nc6 5. Bd3 cxd4 6. O-O f6 7. Bf4 g5 8. Bg3 g4 9. Nfd2 fxe5 10. Bb5 Bd6 11. Qxg4 Nf6 12. Qh4 Qe7 13. Nf3 Nd7 14. Qh6 Qf7 15. Ng5 Qg6 16. Qxg6+ hxg6 17. Nd2 Ke7 18. Ndf3 Rh5 19. Bh4 Nf6 20. Bxc6 bxc6 21. g3 c5 22. b4 cxb4 23. Rfe1 e4 24. Nxd4 Bd7 25. f3 Bc5 26. Rad1 e5 27. fxe4 Bxd4+ 28. Rxd4 exd4 29. e5 Ng4 30. e6 Bb5 31. Nf3+ Rxh4 32. gxh4 Rf8 33. Nxd4 Ba4 34. h3 Nf2 35. a3 Nxh3+ 36. Kh2 Rf4 37. Ne2 Re4 38. Kxh3 Bb5 39. Rg1 Rxe2 40. Rxg6 Re3+ 41. Kg4 bxa3 42. Kf5 a6 43. h5 a2 44. Rg7+ Kd6 45. Rg1 Rf3+ 46. Kg6 Rf1 47. Rg4 Rf4 0-1

[Event "45th Guernsey Open 2019"]
[Site "Vale"]
[Date "2019.10.25"]
[Round "6.8"]
[White "Thurlow, Kevin J"]
[Black "Rosen, Daniel B"]
[Result "1-0"]
[ECO "A25"]
[WhiteElo "2021"]
[BlackElo "1990"]
[Annotator "NA"]
[PlyCount "83"]
[EventDate "2019.10.20"]
[EventType "swiss"]
[EventCountry "GCI"]
[SourceTitle "playchess.com"]
[Source "ChessBase"]
[SourceQuality "1"]
[TimeControl "40/6000+30:2400+30"]

1. c4 e5 2. Nc3 Nc6 3. e3 d6 4. g3 Be7 5. Bg2 f5 6. Nge2 Nf6 7. d4 O-O 8. Nd5 Re8 9. O-O Bf8 10. b4 Ne7 11. Nxf6+ gxf6 12. Bb2 Be6 13. Qc2 Bg7 14. b5 Qc8 15. a4 d5 16. cxd5 Bxd5 17. e4 Bxe4 18. Bxe4 fxe4 19. dxe5 f5 20. f4 c6 21. Rac1 a6 22. Nd4 axb5 23. axb5 Qb8 24. Qc4+ Kh8 25. Ne6 cxb5 26. Qxb5 Qa7+ 27. Bd4 Qa4 28. Qb2 Nc6 29. Nxg7 Qxd4+ 30. Qxd4 Nxd4 31. Nxe8 Ne2+ 32. Kg2 Nxc1 33. Nc7 Ra2+ 34. Kh3 Rc2 35. Nd5 Nd3 36. Ne3 Re2 37. Nxf5 Ne1 38. Nd4 Re3 39. Kg4 Kg8 40. f5 Nd3 41. e6 Kf8 42. f6 1-0

[Event "45th Guernsey Open 2019"]
[Site "Vale"]
[Date "2019.10.25"]
[Round "6.9"]
[White "White, Nigel"]
[Black "Pleasants, Allan J"]
[Result "0-1"]
[ECO "B06"]
[WhiteElo "1975"]
[BlackElo "2019"]
[Annotator "NA RC"]
[PlyCount "130"]
[EventDate "2019.10.20"]
[EventType "swiss"]
[EventCountry "GCI"]
[SourceTitle "playchess.com"]
[Source "ChessBase"]
[SourceQuality "1"]
[TimeControl "40/6000+30:2400+30"]

1. e4 g6 2. d4 Bg7 3. Nc3 d6 4. Be3 a6 5. Qd2 b5 6. f3 Nd7 7. h4 h6 {[%emt 0:00:17] B06: Modern Defence} (7... h5 8. Nh3 Bb7 9. Ng5 Rc8 10. a4 b4 11. Bc4 e6 12. Ne2 c5 13. Ba2 a5 14. Rd1 c4 15. c3 b3 16. Bb1 Ne7 {1-0 (33) Smirin,I (2599)-Bortnyk,O (2602) Saint Louis 2019}) 8. Nge2 Nb6 9. Ng3 $146 ({Predecessor:} 9. Nf4 c6 10. a4 b4 11. Nd1 a5 12. Bd3 Qc7 13. Qf2 Nf6 14. c4 Nbd7 15. Ne2 {½-½ (30) Burke,M (1974)-Jaunooby,A (2186) Aberystwyth 2014}) 9... Nf6 10. h5 g5 11. Bd3 Rb8 12. Nce2 c6 13. b3 Qc7 14. c3 c5 15. Kf2 Be6 16. Bc2 a5 17. Rac1 a4 18. Ra1 Ra8 19. Rhc1 Bd7 20. Ng1 Bf8 21. Qe2 e6 22. Qd2 Be7 23. N1e2 Bc6 24. Rh1 Nfd7 25. Rhe1 Bb7 26. Kg1 Rg8 27. Nh1 g4 28. f4 g3 29. Nexg3 Bh4 30. Bf2 Nf6 31. f5 Ng4 32. fxe6 Nxf2 33. exf7+ Qxf7 34. Qxf2 Qg7 35. Kh2 Qg5 36. Qe3 Bxg3+ 37. Nxg3 Qh4+ 38. Kg1 Qxg3 39. Re2 Qxe3+ 40. Rxe3 axb3 41. Bxb3 c4 42. Bd1 Bc6 43. Bf3 Ra3 44. Kf2 Na4 45. g4 Rxc3 46. Rxc3 Nxc3 47. Ke3 Ke7 48. d5 Bd7 49. Kd4 Na4 50. Re1 Kf6 51. Bd1 Nb2 52. Be2 Kg5 53. Rf1 Nd3 54. Bxd3 cxd3 55. Kxd3 Bxg4 56. Kd4 Kxh5 57. e5 dxe5+ 58. Kxe5 $19 Kg5 59. Rb1 Ra8 60. Rb2 h5 61. Kd6 h4 62. Kc7 h3 63. d6 Ra7+ 64. Kc6 Kh4 65. Kb6 Rh7 0-1

[Event "45th Guernsey Open 2019"]
[Site "Vale"]
[Date "2019.10.25"]
[Round "6.10"]
[White "Strade, Arita"]
[Black "Coenen, Albert"]
[Result "1-0"]
[ECO "B03"]
[WhiteElo "1882"]
[BlackElo "1899"]
[Annotator "NA"]
[PlyCount "44"]
[EventDate "2019.10.20"]
[EventType "swiss"]
[EventCountry "GCI"]
[SourceTitle "playchess.com"]
[Source "ChessBase"]
[SourceQuality "1"]
[TimeControl "40/6000+30:2400+30"]

1. e4 Nf6 2. e5 Nd5 3. d4 d6 4. c4 Nb6 5. exd6 exd6 6. Nc3 Be7 7. Be3 Nc6 8. Rc1 Bf5 9. b3 O-O 10. Bd3 Bxd3 11. Qxd3 Bg5 12. f4 Bf6 13. Nf3 Re8 14. O-O Qd7 15. Bf2 Re7 16. Ne4 Qf5 17. Nxf6+ Qxf6 18. d5 Qxf4 19. dxc6 bxc6 20. c5 Nd5 21. cxd6 cxd6 22. Rxc6 Ree8 1-0

[Event "45th Guernsey Open 2019"]
[Site "Vale"]
[Date "2019.10.25"]
[Round "6.11"]
[White "Dennis, Nigel W"]
[Black "Hall, Alan"]
[Result "1/2-1/2"]
[ECO "C42"]
[WhiteElo "1768"]
[BlackElo "1684"]
[Annotator "NA RC"]
[PlyCount "78"]
[EventDate "2019.10.20"]
[EventType "swiss"]
[EventCountry "GCI"]
[SourceTitle "playchess.com"]
[Source "ChessBase"]
[SourceQuality "1"]
[TimeControl "40/6000+30:2400+30"]

1. e4 e5 2. Nf3 Nf6 3. Nxe5 d6 4. Nf3 Nxe4 5. Qe2 Qe7 6. d3 Nf6 7. Bg5 Qxe2+ 8. Bxe2 Be7 9. Nc3 Bd7 10. O-O Nc6 11. Bxf6 Bxf6 12. Nd5 Bd8 13. Rfe1 O-O 14. d4 Be6 15. Nf4 Bf5 16. Bd3 Bg4 17. c3 Bxf3 18. gxf3 Ne7 19. Re2 c6 20. Rae1 Ng6 21. Ng2 Bf6 22. f4 Rac8 23. f5 Nh4 24. Nxh4 Bxh4 25. Kg2 a5 26. a4 Bf6 27. f4 Bh4 28. Rc1 Rb8 29. Kf3 h5 30. b3 Rfd8 31. c4 Rbc8 32. Bb1 Bf6 33. Rd1 Bh4 34. Rd3 Bf6 35. d5 c5 36. Rde3 Kf8 37. h3 Rd7 38. Re4 Re7 39. Bc2 Rcc7 1/2-1/2

[Event "45th Guernsey Open 2019"]
[Site "Vale"]
[Date "2019.10.26"]
[Round "7.2"]
[White "Pleasants, Allan J"]
[Black "Povah, Nigel E"]
[Result "0-1"]
[ECO "B30"]
[WhiteElo "2019"]
[BlackElo "2301"]
[Annotator "NA RC"]
[PlyCount "76"]
[EventDate "2019.10.20"]
[EventType "swiss"]
[EventCountry "GCI"]
[SourceTitle "playchess.com"]
[Source "ChessBase"]
[SourceQuality "1"]
[TimeControl "40/6000+30:2400+30"]

1. e4 c5 2. Nf3 Nc6 3. Bb5 Nf6 4. Bxc6 dxc6 5. d3 Bg4 6. Nbd2 {[%emt 0:05:47] B30: Sicilian: 2...Nc6 3 Bb5, lines without ...g6} Nd7 7. h3 Bh5 8. Nc4 f6 9. Bf4 $146 ({Predecessor:} 9. Qe2 e5 10. g4 Bf7 11. h4 Be7 12. Ne3 Nf8 {0-1 (52) Zeng,C (2504)-Wang,Y (2706) China 2013}) 9... e5 10. Bd2 Qc7 11. a4 Be7 12. Ne3 Nf8 13. g4 Bf7 14. Nf5 Ne6 15. Nxe7 Qxe7 16. Rg1 O-O-O 17. b3 g5 18. Be3 h5 19. Nd2 hxg4 20. hxg4 Qd7 (20... Nd4 $17 21. Bxd4 cxd4) 21. Nc4 (21. Qf3 $11 {keeps the balance.} Qe7 22. Rh1) 21... Rh3 22. Qd2 b6 (22... Nd4 $17 23. Bxd4 cxd4) 23. Rb1 (23. a5 $1 $11 {keeps the balance.} Nd4 24. Bxd4 Qxd4 25. Ra4 Bxc4 {[%mdl 64] Pin} 26. axb6) 23... Nf4 $17 (23... Nd4 $142 24. Bxd4 cxd4) 24. Bxf4 gxf4 25. Qe2 Bxc4 26. bxc4 Rg8 27. a5 Kc7 28. axb6+ axb6 29. Ra1 Kb7 30. Kd2 Rh2 31. Ra3 Qd4 32. Rf1 Rd8 33. Kc1 b5 34. cxb5 cxb5 35. Qd2 b4 36. Ra2 Rhh8 37. Kd1 f3 38. Qe3 Qc3 0-1

[Event "45th Guernsey Open 2019"]
[Site "Vale"]
[Date "2019.10.26"]
[Round "7.3"]
[White "Bianco, Valerio"]
[Black "Baker, Chris W"]
[Result "1-0"]
[ECO "E46"]
[WhiteElo "2088"]
[BlackElo "2245"]
[Annotator "NA"]
[PlyCount "81"]
[EventDate "2019.10.20"]
[EventType "swiss"]
[EventCountry "GCI"]
[SourceTitle "playchess.com"]
[Source "ChessBase"]
[SourceQuality "1"]
[TimeControl "40/6000+30:2400+30"]

1. d4 Nf6 2. c4 e6 3. Nc3 Bb4 4. e3 O-O 5. Bd2 b6 6. Nf3 Bb7 7. Bd3 d5 8. O-O Nbd7 {[%emt 0:06:16] [#]} (8... Bd6 $11 {keeps the balance.}) 9. Nxd5 $1 {[%emt 0:00:36] E52: Nimzo-Indian: Rubinstein: 4...0-0 5 Nf3 d5 6 Bd3 b6} Nxd5 10. cxd5 Bxd2 {[%emt 0:00:34] [#]} 11. dxe6 $1 Bxf3 12. gxf3 Ne5 $146 (12... Qg5+ $16 {was called for.} 13. Kh1 fxe6) ({Predecessor:} 12... Bb4 13. exd7 Qxd7 14. f4 Be7 15. Qf3 c5 16. Be4 Rac8 {1-0 (53) Rajesh,V (2389)-Muthaiah,A (2373) Hyderabad 2019}) 13. Be4 ({Don't do} 13. e7 $6 Nxf3+ 14. Qxf3 Qxe7 $16) 13... Nc4 {[%emt 0:37:44] [#]} 14. Qe2 $1 ({Don't do} 14. Bxa8 $6 Qxa8 15. Qe2 Qd5 $16) 14... b5 15. b3 Bc3 16. Rac1 ({Don't take} 16. bxc4 Bxa1 17. exf7+ (17. Rxa1 fxe6 18. cxb5 Rb8 $16) (17. Bxa8 Qxa8 18. exf7+ Rxf7 $18) 17... Rxf7) (16. Bxa8 Qxa8 17. bxc4) 16... Nd2 17. Rxc3 Qg5+ (17... Nxf1 $18 18. Bxa8 (18. Kxf1 Rb8 $18) 18... Qxa8 19. Kxf1 fxe6 20. Rxc7 a6) 18. Kh1 Nxf1 19. Qxf1 Rae8 20. Rc5 Qf6 21. exf7+ $18 (21. Qh3 $142 h6 22. exf7+ (22. Rxc7 Rxe6 23. Kg2 a6 $14) 22... Rxf7 23. Bd5 (23. Rxb5 Rxe4 24. fxe4 Qxf2 $11)) 21... Rxf7 22. Rf5 Qxf5 23. Bxf5 Rxf5 24. f4 c6 25. Qg2 Re6 26. Qg4 Ref6 27. h4 b4 28. Qe2 a5 29. Qc4+ Kh8 30. Qa6 h6 31. Qc8+ Kh7 32. Qe8 g5 33. fxg5 hxg5 34. hxg5 Rxg5 35. Qe7+ Kg6 36. f4 Rgf5 37. Kg2 Rf7 38. Qe4 R7f6 39. Kf3 Kf7 40. Kg4 Kg6 41. Qc2 1-0

[Event "45th Guernsey Open 2019"]
[Site "Vale"]
[Date "2019.10.26"]
[Round "7.4"]
[White "Wager, John D"]
[Black "Thurlow, Kevin J"]
[Result "1-0"]
[ECO "A43"]
[WhiteElo "2013"]
[BlackElo "2021"]
[Annotator "NA"]
[PlyCount "91"]
[EventDate "2019.10.20"]
[EventType "swiss"]
[EventCountry "GCI"]
[SourceTitle "playchess.com"]
[Source "ChessBase"]
[SourceQuality "1"]
[TimeControl "40/6000+30:2400+30"]

1. Nf3 Nf6 2. d4 c5 3. d5 d6 4. Nc3 Nbd7 5. g3 g6 6. Bg2 Bg7 7. O-O O-O 8. Re1 a6 {[%emt 0:01:06] A49: 1 d4 Nf6 2 Nf3 g6 3 g3: Anti-King's Indian systems} 9. a4 Rb8 10. h3 $146 ({Predecessor:} 10. a5 b5 11. axb6 Nxb6 12. Nd2 Qc7 13. e4 e6 14. dxe6 fxe6 15. e5 dxe5 16. Qe2 Nfd5 17. Nde4 Nxc3 18. bxc3 Bb7 19. h4 Bd5 20. Ra5 Nc4 21. Rxc5 {1-0 (21) Cabrera Trujillo,J (2361)-Basualdo Almada,H (1805) Tenerife 2012}) 10... b5 11. axb5 axb5 12. e4 Qc7 13. Bf4 b4 14. Nb1 Nh5 15. Bc1 e5 16. Nbd2 c4 17. Qe2 Nb6 18. Nf1 Bd7 19. Ne3 Rfc8 20. b3 f5 21. Nd2 cxb3 22. cxb3 f4 23. Nef1 (23. Nec4 $17 {was called for.}) 23... fxg3 24. fxg3 Qc3 25. Ra7 Nxg3 26. Nxg3 Qxg3 27. Nf1 Qxb3 28. Be3 Rd8 {[%emt 0:04:12] [#]} 29. Bg5 $17 (29. Bxb6 $1 $16 {is necessary to keep the advantage.} Rxb6 30. Rc1 (30. Qf2 $2 Rbb8 $19)) 29... Re8 30. Be3 Re7 31. Nd2 Qc2 32. Raa1 Qc8 33. Rec1 Qb7 34. Rab1 Na4 35. Nc4 Qa6 36. Bf1 Bb5 37. Rxb4 Rc8 38. Qe1 Rec7 39. Nxd6 Rxc1 40. Bxc1 Bxf1 41. Nxc8 Bxh3 42. Ne7+ Kf7 43. Nc6 Bf8 44. Rb3 Qc8 45. Qh4 Bd7 46. Qxh7+ 1-0

[Event "45th Guernsey Open 2019"]
[Site "Vale"]
[Date "2019.10.26"]
[Round "7.6"]
[White "Havenaar, Jan"]
[Black "Prins, Jan"]
[Result "0-1"]
[ECO "B10"]
[WhiteElo "2091"]
[BlackElo "1987"]
[Annotator "NA"]
[PlyCount "88"]
[EventDate "2019.10.20"]
[EventType "swiss"]
[EventCountry "GCI"]
[SourceTitle "playchess.com"]
[Source "ChessBase"]
[SourceQuality "1"]
[TimeControl "40/6000+30:2400+30"]

1. Nc3 c6 2. e4 d5 3. Nf3 d4 4. Ne2 c5 5. Ng3 Nc6 (5... a6 6. a4 Nc6 7. Bc4 e6 8. O-O Bd6 9. d3 Qc7 10. Ne1 e5 {½-½ (10) Sanchez,S (2418)-Escobar Medina,A (2270) Medellin 2019}) 6. Bc4 {[%emt 0:01:46] B11: Caro-Kann: Two Knights Variation} e6 7. O-O Nf6 8. d3 Be7 9. h3 $146 ({Predecessor:} 9. a3 Qc7 10. Ne1 O-O 11. Qe2 a6 12. f4 b5 13. Ba2 {½-½ (67) Bennett,R (1802)-Clayton,T (1740) Coventry 2015}) 9... O-O 10. Ne1 Na5 11. f4 Nxc4 12. dxc4 b6 13. Nd3 Bb7 14. Re1 Qc7 15. Qe2 Ba6 16. b3 b5 17. Ne5 Rab8 18. cxb5 Bxb5 19. Qf3 c4 20. c3 dxc3 21. Qxc3 Ba6 22. Re2 Bb4 23. Qc2 c3 24. Re1 Bd6 25. Nd3 Bxd3 26. Qxd3 Rfd8 ({Much less strong is} 26... Bxf4 27. Bxf4 Qxf4 28. Qxc3 $15) 27. Qc2 e5 28. f5 Bc5+ $17 29. Kh2 Rbc8 30. Bg5 Rd6 31. Rad1 Bd4 32. Ne2 Ne8 33. Nxd4 Rxd4 34. Be3 Rxd1 35. Rxd1 Nf6 36. Kg3 g6 37. fxg6 fxg6 38. Kf3 Qc6 39. Bg5 Rf8 40. Bxf6 Rxf6+ 41. Kg3 Rf8 42. Rd5 Qf6 43. Kh2 Qf4+ 44. g3 Qf2+ 0-1

[Event "45th Guernsey Open 2019"]
[Site "Vale"]
[Date "2019.10.26"]
[Round "7.7"]
[White "Heppell, Ian N"]
[Black "Goris, Ton"]
[Result "1-0"]
[ECO "C01"]
[WhiteElo "1995"]
[BlackElo "1913"]
[Annotator "NA"]
[PlyCount "52"]
[EventDate "2019.10.20"]
[EventType "swiss"]
[EventCountry "GCI"]
[SourceTitle "playchess.com"]
[Source "ChessBase"]
[SourceQuality "1"]
[TimeControl "40/6000+30:2400+30"]

1. e4 e6 2. d4 d5 3. exd5 exd5 4. Nf3 Bd6 5. c4 c6 6. Nc3 Ne7 7. Bg5 (7. c5 $5 Bc7 8. Bd3 $14) 7... f6 8. Be3 O-O 9. Bd3 Be6 (9... dxc4 $11 10. Bxc4+ Kh8) 10. c5 Bc7 11. Qc2 g6 12. h4 Qd7 (12... Na6 $14) 13. h5 Bf5 14. hxg6 hxg6 15. O-O-O Bxd3 (15... Na6 $16 {was called for.} 16. a3 Rf7) 16. Qxd3 $18 ({Less strong is} 16. Rxd3 Na6 $14) 16... Qf5 17. Qd2 g5 18. Rh5 Bf4 19. Bxf4 Qxf4 20. Qxf4 gxf4 21. Rdh1 Kf7 22. Ne2 Ng6 23. Rh7+ Ke6 24. Rg7 Kf5 25. Rh5+ Kg4 26. Rh6 Kf5 1-0